 Dungeon Crawl Stone Soup version 0.29-a0-664-gff9cad4a3d (webtiles) character file.

Game seed: 16485206444694075866

92 ZappyNine the Insei (level 4, -3/34 HPs)
             Began as a Barachi Transmuter on June 22, 2022.
             Slain by a hobgoblin (4 damage)
             ... led by Robin
             ... on level 2 of the Dungeon.
             The game lasted 00:02:22 (2217 turns).

ZappyNine the Insei (Barachi Transmuter)            Turns: 2217, Time: 00:02:23

Health: -3/34      AC:  2    Str: 13    XL:     4   Next: 60%
Magic:  3/7        EV: 13    Int: 13    God:
Gold:   125        SH:  0    Dex: 13    Spells: 1/7 levels left

rFire   . . .      SeeInvis .     - Unarmed
rCold   . . .      Faith    .   (no shield)
rNeg    . . .      Spirit   .   a - +0 robe
rPois   .          Reflect  .   (no helmet)
rElec   .          Harm     .   (no cloak)
rCorr   .          Rampage  .   (no gloves)
Will    .....                   (no boots)
Stlth   +.........              (no amulet)
HPRegen 0.11/turn               (no ring)
MPRegen 0.10/turn               (no ring)

@: slow
A: amphibious, slowness 1, strong legs 1, +LOS
a: Hop


You were on level 2 of the Dungeon.
You visited 1 branch of the dungeon, and saw 2 of its levels.

You collected 125 gold pieces.

Inventory:

Armour
 a - a +0 robe (worn)
Wands
 k - a wand of flame (14)
Scrolls
 b - a scroll of poison {unknown}
 c - 4 scrolls of identify {unknown}
 d - 3 scrolls of summoning {unknown}
 e - a scroll of teleportation {unknown}
 h - a scroll of enchant armour {unknown}
Potions
 i - a potion of degeneration {unknown}


   Skills:
 + Level 2.7 Fighting
 + Level 3.1 Dodging
 + Level 4.0 Unarmed Combat
 - Level 2.1 Spellcasting
 - Level 2.6 Transmutations
 + Level 1.4 Poison Magic


You had one spell level left.
You knew the following spells:

 Your Spells              Type           Power      Damage    Failure   Level
a - Beastly Appendage     Tmut           16%        N/A       9%          1
b - Wereblood             Tmut           8%         N/A       13%         2
c - Spider Form           Tmut/Pois      6%         N/A       32%         3

Your spell library contained the following spells:

 Spells                   Type           Power      Damage    Failure   Level
 Sting                    Tmut/Pois      24%        1d4       11%         1
 Poisonous Vapours        Pois/Air       6%         N/A       28%         2
 Sublimation of Blood     Necr           1%         N/A       36%         2
 Olgreb's Toxic Radiance  Pois           5%         N/A       80%         4
 Ice Form                 Ice/Tmut       4%         N/A       82%         4
 Summon Hydra             Summ           0%         N/A       100%        7


Dungeon Overview and Level Annotations

Branches:
Dungeon (2/15)

Altars:


Innate Abilities, Weirdness & Mutations

You are amphibious.
You cover ground slowly.
You can hop short distances.
You have an extended range of vision and can be seen from far away.


Message History

Robin hits you with a +0 spear.
* * * LOW HITPOINT WARNING * * *
Unknown command.
It was a potion of curing.
You feel better.
You feel a bit better.
You kill Robin!
The bat hits you.
* * * LOW HITPOINT WARNING * * *
The goblin closely misses you. x2
Your Unarmed Combat skill increases to level 4!
You hit the goblin.
You feel a bit better.
You kill the goblin!
You howl as the wereblood boils in your veins!
The bat barely misses you. The goblin hits you with a +0 club.
* * * LOW HITPOINT WARNING * * *
The bat closely misses you.
Unknown command.
The bat attacks as you move away! The bat barely misses you.
The goblin no longer looks unusually strong.
The bat barely misses you. The goblin hits you with a +0 club.
* * * LOW HITPOINT WARNING * * *
You see here a +0 club.
The hobgoblin no longer looks unusually strong.
The bat closely misses you.
It was a potion of haste.
You feel yourself speed up. The bat hits you but does no damage. x2
The goblin hits you but does no damage.
Unknown command.
You closely miss the hobgoblin.
The hobgoblin no longer looks unusually strong. x2
The bat barely misses you. The goblin barely misses you.
The hobgoblin misses you. The bat hits you.
* * * LOW HITPOINT WARNING * * *
Unknown command.
Unknown command.
It was a potion of cancellation.
Your magical effects are unravelling.
You feel magically purged.
You feel yourself slow down.
Your primal bloodlust has ended.
The bat hits you but does no damage. The hobgoblin hits you.
You die...

##################
#.##.....# #..
#.##.....# #...
#.######.##### #...
#.######.....#
##....
#............#
#.....##
#.#########....#
#.......####.#
#.....
.......ggg#.#
#....# #..)##@#.#
####.#.. #ggb#.#
#....... #)###.#
#.##.#.. # #)# #.#
#.##.... #.#.#.#
#.#######.######
#.....###'#....##.#
###.##.........##.#
#. #........††..# #
#.........####


You could see 4 hobgoblins, a goblin and a bat.

Vanquished Creatures
  Jessica (D:2)
  Robin (D:2)
  3 worms (D:2)
  A dart slug (D:2)
  5 endoplasms
  2 giant cockroaches
  4 goblins
  5 hobgoblins
  8 jackals
  A ball python (D:1)
  A bat (D:1)
  2 frilled lizards
  4 kobolds
  3 rats
41 creatures vanquished.

Notes
Turn   | Place    | Note
-------+----------+-------------------------------------------
     0 | D:1      | ZappyNine the Barachi Transmuter began the quest for the
                  | Orb.
     0 | D:1      | Reached XP level 1. HP: 15/15 MP: 3/3
   213 | D:1      | Found a faded altar of an unknown god.
   245 | D:1      | Reached XP level 2. HP: 21/21 MP: 3/5
   400 | D:1      | Learned a level 2 spell: Wereblood
  1073 | D:1      | Reached XP level 3. HP: 26/27 MP: 6/6
  1077 | D:1      | Learned a level 3 spell: Spider Form
  1347 | D:2      | Noticed Jessica
  1354 | D:2      | Killed Jessica
  1408 | D:2      | Reached skill level 1 in Poison Magic
  1408 | D:2      | Reached XP level 4. HP: 12/34 MP: 7/7
  2194 | D:2      | Noticed Robin
  2211 | D:2      | Killed Robin
  2212 | D:2      | Reached skill level 4 in Unarmed Combat
  2216 | D:2      | HP: 1/34 [bat (1)]
  2217 | D:2      | Slain by a hobgoblin

Illustrated notes

Levels and vault maps discovered:
D:1:      lemuel_arrival_behind_the_door_small, layout_loops_corners,
          basic_ecumenical_altar, nicolae_figureground_sparkle
D:2:      layout_basic, minmay_misc_feat_encased, uniq_jessica, uniq_robin

Skill      XL: |  1  2  3  4 |
---------------+-------------+-----
Fighting       | 2 |  2.7
Poison Magic   | 1 |  1.4
Dodging        | 3 |  3.1
Unarmed Combat | 4 |  4.0
Spellcasting   | |  2.1
Transmutations | |  2.6

Action                   |  1- 3 |  4- 6 || total
-------------------------+-------+-------++-------
Melee: Unarmed           |    74 |    53 ||   127
       Kick              |     7 |       ||     7
       Punch             |     4 |       ||     4
 Cast: Beastly Appendage |     7 |       ||     7
       Wereblood         |     1 |     1 ||     2
       Spider Form       |       |     1 ||     1
  Use: Potion            |     1 |     3 ||     4
 Stab: Sleeping          |     2 |     1 ||     3
Armor: Robe              |    12 |     6 ||    18
       Skin              |     6 |     1 ||     7
Dodge: Dodged            |    54 |    46 ||   100

Table legend: (Time is in decaauts)
 A = Elapsed time spent in this place.
 B = Non-inter-level travel time spent in this place.
 C = Inter-level travel time spent in this place.
 D = Time resting spent in this place.
 E = Time spent auto-exploring this place.
 F = Levels seen in this place.
 G = Mean time per level.
                   A        B        C        D        E       F      G
               +--------+--------+--------+--------+--------+-----+--------+
         Total |   2418 |   2380 |     38 |    373 |   1695 |   2 | 1209.0 |
       Dungeon |   2418 |   2380 |     38 |    373 |   1695 |   2 | 1209.0 |
               +--------+--------+--------+--------+--------+-----+--------+

Top non-repeatable levels by time:
     D:1: 1469 daAuts
     D:2: 949 daAuts
